 Dungeon Crawl Stone Soup version 0.32-a0-422-g28b100f618 (webtiles) character file.

Game seed: 8310948131960473589

1205 jasper the Carver (level 8, -4/58 HPs)
             Began as a Coglin Chaos Knight on Feb 21, 2024.
             Was a Believer of Lugonu.
             Slain by a fire bat (9 damage)
             ... on level 5 of the Dungeon.
             The game lasted 00:07:04 (4297 turns).

jasper the Carver (Coglin Chaos Knight)             Turns: 4297, Time: 00:07:04

Health: -4/58      AC:  4    Str: 13    XL:     8   Next: 45%
Magic:  8/8        EV: 11    Int: 12    God:    Lugonu [**....]
Gold:   287        SH:  0    Dex: 15    Spells: 7/7 levels left

rFire   x . .        v - +0 falchion {Therese}
rCold   . . .        o - +0 falchion {Eunkyung}
rNeg    . . .        b - +3 leather armour
rPois   +            (no helmet)
rElec   .            (no cloak)
rCorr   .            (no gloves)
SInv    .            (no boots)
Will    .....        (no amulet)
Stlth   +            (no ring)
HPRegen 0.29/turn    (no ring)
MPRegen 0.11/turn

%: clarity
@: mighty, immotile, revved
A: off-hand wielding, slow wielding, warmup strikes, legs shutdown, clarity,
deformed body, poison resistance, heat vulnerability 1
a: Renounce Religion, Depart the Abyss, Banish


You were on level 5 of the Dungeon.
You worshipped Lugonu.
Lugonu was pleased with you.
You visited 1 branch of the dungeon, and saw 5 of its levels.
You visited the Abyss 1 time.

You collected 287 gold pieces.

Inventory:

Hand Weapons
 a - a +0 falchion of chaos {Clara}
 d - a +0 dagger {Synnove}
 k - a +0 short sword {Haeun}
 l - a +2 vampiric dagger {Doyun}
 o - a +0 falchion (offhand) {Eunkyung}
 v - a +0 falchion (weapon) {Therese}
Missiles
 i - 30 stones (quivered)
 m - 2 throwing nets
 s - 3 poisoned darts
Armour
 b - a +3 leather armour (worn)
Scrolls
 c - a scroll of butterflies
 e - a scroll of revelation
 q - 2 scrolls of teleportation
Potions
 f - a potion of might
 h - a potion of enlightenment
 n - a potion of magic
 p - 2 potions of attraction {unknown}
 r - 2 potions of heal wounds {unknown}
 t - 2 potions of resistance {unknown}
 u - a potion of mutation {unknown}
 w - a potion of haste


   Skills:
 + Level 3.1 Fighting
 * Level 10.3 Long Blades
 - Level 1.7 Armour
 - Level 0.8 Dodging


You had 7 spell levels left.
You didn't know any spells.
Your spell library contained the following spells:

 Spells                   Type           Power      Damage    Failure   Level
 Slow                     Hex            0%         N/A       38%         1
 Blink                    Tloc           0%         N/A       54%         2
 Lesser Beckoning         Tloc           0%         N/A       54%         2
 Momentum Strike          Conj/Tloc      0%         3d8       54%         2
 Confusing Touch          Hex            0%         N/A       77%         3
 Hailstorm                Conj/Ice       0%         3d5       77%         3
 Inner Flame              Hex/Fire       0%         N/A       77%         3
 Sigil of Binding         Hex            0%         N/A       77%         3
 Summon Ice Beast         Ice/Summ       0%         N/A       77%         3
 Vampiric Draining        Necr           0%         2d6       77%         3
 Flame Wave               Conj/Fire      0%         2d4       99%         4
 Sticky Flame             Fire/Alch      0%         2d4       99%         4
 Sculpt Simulacrum        Ice/Alch       0%         N/A       100%        6


Dungeon Overview and Level Annotations

Branches:
Dungeon (5/15)
 Temple: D:4-7

Altars:
Cheibriados
Dithmenos
Kikubaaqudgha
Xom

Shops:
D:3 (


Innate Abilities, Weirdness & Mutations

You can wield a second weapon in your off-hand.
It takes a long time for you to wield or remove held weapons.
Your first few attacks do less damage.
Attacking and casting redirects power from your legs.
You possess an exceptional clarity of mind.
Armour fits poorly on your strangely shaped body.
Your system is resistant to poisons. (rPois)
You are vulnerable to heat. (rF-)


Message History

Something hits you. Something shocks you.
You take 7 damage, and have 40/58 hp.
You cannot move.
You cannot move.
You cannot move.
You miss something with your +0 falchion.
You hit something but do no damage. The fire bat bites you.
You are engulfed in flames!
The fire burns you terribly! Something hits you but does no damage.
You take 12 damage, and have 28/58 hp.
MASSIVE DAMAGE!!
You barely miss something with your +0 falchion. x2
The fire bat bites you but does no damage.
You feel very mighty all of a sudden.
You are no longer unable to travel.
The fire bat bites you.
You are engulfed in flames!
The fire burns you terribly!
A sky beast appears from thin air!
Reactivating autopickup.
The sky beast hits you but does no damage.
You take 9 damage, and have 19/58 hp.
You closely miss the sky beast with your +0 falchion.
You barely miss the sky beast with your +0 falchion.
The fire bat misses you.
The sky beast hits you but does no damage.
You hit the sky beast with your +0 falchion.
The sky beast is lightly wounded.
You slash the sky beast with your +0 falchion!
The sky beast barely misses you. The fire bat bites you.
* * * LOW HITPOINT WARNING * * *
You are engulfed in flames!
The fire burns you terribly!
* * * LOW HITPOINT WARNING * * *
You take 12 damage, and have 7/58 hp.
MASSIVE DAMAGE!!
You slash the sky beast with your +0 falchion!
The sky beast is almost dead.
You slash the sky beast with your +0 falchion!
You kill the sky beast!
Lugonu accepts your kill. The fire bat bites you.
* * * LOW HITPOINT WARNING * * *
You are engulfed in flames!
The fire burns you terribly!
You die...
Xom cackles wildly!

............ #..................#
............#########...........†
........... #.......#............
.......... #$P...P.#............
......... #.......#............
....... #..._?..#............
...... .. #.......#............
..... ... #.P.†.P.#............
..... ....#..b@.?.#............
..... .....###'''###............
..... ...........)##............
...... ..........####............
...... ........##................
...... .....###..##..#...........
...... .........####.............
...... .##....## #..#...... ...
...... #.....# ##........


You could see a fire bat.

Vanquished Creatures
  A wyvern (D:5)
  A water moccasin (D:5)
  A sky beast (D:5)
  An ice beast (D:5)
  2 black bears (D:5)
  A centaur (D:4)
  An ogre (D:5)
  A bullfrog (D:5)
  A scorpion (D:5)
  2 bombardier beetles
  A jelly (D:4)
  A sleepcap (D:4)
  An iguana (D:5)
  An orc wizard (D:3)
  5 adders
  A ribbon worm (D:2)
  7 dart slugs
  9 orcs
  5 bats
  4 endoplasms
  6 giant cockroaches
  6 goblins
  6 hobgoblins
  5 jackals
  9 kobolds
  5 quokkas
  4 ball pythons
  2 frilled lizards (D:1)
  6 rats
96 creatures vanquished.

Notes
Turn   | Place    | Note
-------+----------+-------------------------------------------
     0 | D:1      | jasper the Coglin Chaos Knight began the quest for the Orb.
     0 | D:1      | Reached XP level 1. HP: 18/18 MP: 1/1
     0 | D:1      | Fell from the grace of Xom
    29 | D:1      | XOM: scenery: create altars
    70 | D:1      | Reached XP level 2. HP: 22/24 MP: 2/2
   174 | D:1      | Reached skill level 4 in Long Blades
   181 | D:1      | Reached XP level 3. HP: 29/29 MP: 3/3
   365 | D:1      | Found a faded altar of an unknown god.
   734 | D:2      | Reached XP level 4. HP: 35/35 MP: 4/4
   777 | D:2      | Reached skill level 5 in Long Blades
  1012 | D:2      | Found a shadowy altar of Dithmenos.
  1092 | D:2      | XOM: torment (19/35 hp)
  1264 | Abyss:1  | Cast into level 1 of the Abyss (Xom)
  1295 | Abyss:1  | Found a corrupted altar of Lugonu.
  1296 | Abyss:1  | Noticed a worldbinder
  1304 | Abyss:1  | Became a worshipper of Lugonu the Unformed
  1304 | Abyss:1  | Reached * piety under Lugonu
  1304 | Abyss:1  | Reached ** piety under Lugonu
  1305 | D:2      | Escaped the Abyss
  1595 | D:3      | Reached XP level 5. HP: 41/41 MP: 5/5
  1804 | D:3      | Reached skill level 6 in Long Blades
  1823 | D:3      | Found Oludui's Weapon Shoppe.
  1866 | D:3      | XOM: give mutations
  1866 | D:3      | Gained mutation: Your system is resistant to poisons.
                  | (rPois) [Xom's mischief]
  1866 | D:3      | Gained mutation: You expend magic power (3 MP) to
                  | strengthen your wands. [Xom's mischief]
  1866 | D:3      | Lost mutation: You expend magic power (3 MP) to strengthen
                  | your wands. [Xom's mischief]
  1866 | D:3      | Gained mutation: Armour fits poorly on your strangely
                  | shaped body. [Xom's mischief]
  1983 | D:3      | Found an ancient bone altar of Kikubaaqudgha.
  2182 | D:3      | Found a snail-covered altar of Cheibriados.
  2190 | D:3      | Reached XP level 6. HP: 35/47 MP: 6/6
  2596 | D:4      | Reached skill level 7 in Long Blades
  2892 | D:4      | Reached XP level 7. HP: 49/52 MP: 7/7
  3132 | D:5      | Entered Level 5 of the Dungeon
  3173 | D:5      | Reached skill level 8 in Long Blades
  3495 | D:5      | Reached skill level 9 in Long Blades
  3595 | D:5      | XOM: give mutations
  3595 | D:5      | Gained mutation: You possess an exceptional clarity of
                  | mind. [Xom's mischief]
  3595 | D:5      | Gained mutation: You are vulnerable to heat. (rF-) [Xom's
                  | mischief]
  3714 | D:5      | Reached XP level 8. HP: 49/58 MP: 8/8
  3865 | D:5      | Noticed a wyvern
  3872 | D:5      | HP: 2/58 [wyvern (18)]
  3879 | D:5      | Killed a wyvern
  3880 | D:5      | Reached skill level 10 in Long Blades
  4287 | D:5      | Found a shimmering altar of Xom.
  4297 | D:5      | Slain by a fire bat

Illustrated notes

Levels and vault maps discovered:
D:1:      dpeg_arrival_stonehenge_8_columns, layout_basic,
          hellmonk_ecumenical_altar_arch_garden, minmay_misc_feat_square,
          minmay_misc_feat_encased
D:2:      layout_loops_cross, basic_altar
D:3:      layout_loops_ring, mainiacjoe_overflow_paths, slow_altar_2,
          serial_shops, nicolae_shop_advertising_works
          [nicolae_subvault_shop_adworks], item_on_display_b
D:4:      layout_cave_pools
D:5:      layout_layer_cave, regret_index_xom_of_box

Skill      XL: |  1  2  3  4  5  6  7  8 |
---------------+-------------------------+-----
Long Blades    | 4 5 6 7 9 10 | 10.3
Fighting       | |  3.1
Armour         | |  1.7
Dodging        | |  0.8

Action                     |  1- 3 |  4- 6 |  7- 9 || total
---------------------------+-------+-------+-------++-------
  Melee: Falchion          |    56 |   148 |   112 ||   316
         Dagger            |    34 |    71 |       ||   105
  Throw: Stone             |       |       |     4 ||     4
         Throwing net      |       |       |     2 ||     2
         Dart              |       |       |     2 ||     2
 Invoke: Renounce Religion |     1 |       |       ||     1
         Depart the Abyss  |       |     1 |       ||     1
    Use: Scroll            |     2 |     6 |     3 ||    11
         Potion            |       |       |     4 ||     4
   Stab: Paralysed         |     1 |       |       ||     1
         Confused          |       |     2 |       ||     2
         Held in net/web   |       |       |     1 ||     1
 Armour: Leather armour    |    27 |    72 |    49 ||   148
         Skin              |       |       |     8 ||     8
  Dodge: Dodged            |    41 |    54 |    21 ||   116

Table legend: (Time is in decaauts)
 A = Elapsed time spent in this place.
 B = Non-inter-level travel time spent in this place.
 C = Inter-level travel time spent in this place.
 D = Time resting spent in this place.
 E = Time spent auto-exploring this place.
 F = Levels seen in this place.
 G = Mean time per level.
                   A        B        C        D        E       F      G
               +--------+--------+--------+--------+--------+-----+--------+
         Total |   4278 |   4154 |    124 |    352 |   3068 |   6 |  713.0 |
       Dungeon |   4237 |   4113 |    124 |    352 |   3038 |   5 |  847.4 |
         Abyss |     40 |     40 |      0 |      0 |     30 |   1 |   40.0 |
               +--------+--------+--------+--------+--------+-----+--------+

Top non-repeatable levels by time:
     D:5: 1155 daAuts
     D:3: 962 daAuts
     D:2: 763 daAuts
     D:1: 728 daAuts
     D:4: 627 daAuts
 Abyss:1: 40 daAuts
